 Dungeon Crawl Stone Soup version 0.28.0-45-g0d030f2227 (webtiles) character file.

Game seed: 4970627493746407649

16 McKennaii the Conjurer (level 2, -1/19 HPs)
             Began as a Demonspawn Conjurer on Apr 14, 2022.
             Frozen to death by an endoplasm (5 damage)
             ... on level 1 of the Dungeon.
             The game lasted 00:00:44 (561 turns).

McKennaii the Conjurer (Demonspawn Conjurer)         Turns: 561, Time: 00:00:45

Health: -1/19      AC:  3    Str:  7    XL:     2   Next: 41%
Magic:  1/5        EV: 12    Int: 19    God:
Gold:   36         SH:  0    Dex: 11    Spells: 4/5 levels left

rFire   . . .      SeeInvis .   (no weapon)
rCold   . . .      Faith    .   (no shield)
rNeg    . . .      Spirit   .   a - +0 robe
rPois   .          Reflect  .   (no helmet)
rElec   .          Harm     .   (no cloak)
rCorr   .          Rampage  .   (no gloves)
Will    .....                   (no boots)
Stlth   ++........              (no amulet)
HPRegen 0.06/turn               (no ring)
MPRegen 0.09/turn               (no ring)

@: no status effects
A: rugged brown scales 1
a: no special abilities


You were on level 1 of the Dungeon.
You visited 1 branch of the dungeon, and saw 1 of its levels.

You collected 36 gold pieces.

Inventory:

Armour
 a - a +0 robe (worn)
Scrolls
 c - a scroll of identify {unknown}
Potions
 b - a potion of curing {unknown}
 d - a potion of heal wounds {unknown}


   Skills:
 - Level 1.7 Dodging
 - Level 1.7 Stealth
 + Level 2.1 Spellcasting
 + Level 4.6 Conjurations


You had 4 spell levels left.
You knew the following spells:

 Your Spells              Type           Power      Damage    Failure   Level
a - Magic Dart            Conj           76%        1d6       2%          1

Your spell library contained the following spells:

 Spells                   Type           Power      Damage    Failure   Level
 Searing Ray              Conj           38%        2d5       3%          2
 Dazzling Flash           Conj/Hex       20%        N/A       19%         3
 Fulminant Prism          Conj/Hex       5%         3d7       54%         4
 Iskenderun's Mystic Bla  Conj/Tloc      10%        2d4       54%         4


Dungeon Overview and Level Annotations

Branches:
Dungeon (1/15)

Altars:


Innate Abilities, Weirdness & Mutations

You are partially covered in rugged brown scales. (AC +1, +3% HP)


Message History

Unknown command.
An endoplasm comes into view.
The endoplasm quivers.
The endoplasm freezes you.
You are frozen.
* * * LOW HITPOINT WARNING * * *
Casting: Magic Dart (safe; 2% risk of failure)
Confirm with . or Enter, or press ? or * to list all spells.
You don't have enough magic to cast this spell.
Unknown command.
Unknown command.
Found 10 gold pieces.
You see here 10 gold pieces.
Casting: Magic Dart (safe; 2% risk of failure)
Confirm with . or Enter, or press ? or * to list all spells.
Aiming: Magic Dart (safe; 2% risk of failure)
Press: ? - help, Shift-Dir - straight line, f/p - kobold
Aim: a kobold, wielding a +0 short sword (100% to hit)
The magic dart hits the kobold.
The kobold is moderately wounded.
The kobold closely misses you.
Unknown command.
Found a scroll labelled IRHESE DEGH.
You see here 10 gold pieces.
Casting: Magic Dart (safe; 2% risk of failure)
Confirm with . or Enter, or press ? or * to list all spells.
Aiming: Magic Dart (safe; 2% risk of failure)
Press: ? - help, Shift-Dir - straight line, f/p - kobold
Aim: a kobold, wielding a +0 short sword (moderately wounded, 100% to hit)
The magic dart hits the kobold.
The kobold is severely wounded.
The kobold barely misses you.
Unknown command.
You hit the endoplasm but do no damage. The endoplasm barely misses you.
The kobold misses you.
You hit the endoplasm.
The endoplasm is lightly wounded.
The endoplasm freezes you.
You are frozen.
You die...

# #. # #.#..#. #? #.
#.##.#..#. #.##.## #.........
.. ...... ####.##.## .# #...#
#######.##.[. ..
#...#####.#.#.#.##### #.
#..J..J$.#.#.#.## #.. #.
#####..K#####.#.#.#.# #..
#.###.......@J...#.#<#.####..
#.))...........##.#.#.#......
#..##............#.#.#.####..
#.)####......####.#.#.#.###.[
$...# #.#..†.....#.#.#.#.##..
....#.#
#.#....###.#.##....####
#..#.#.# #.#....#
#..J##....#### #......#
#......# #.##.[.......# ##.#
### ####.### #.............


You could see 2 endoplasms and a kobold.

Vanquished Creatures
  2 ball pythons (D:1)
  6 goblins (D:1)
  2 hobgoblins (D:1)
  3 kobolds (D:1)
  A rat (D:1)
14 creatures vanquished.

Notes
Turn   | Place    | Note
-------+----------+-------------------------------------------
     0 | D:1      | McKennaii the Demonspawn Conjurer began the quest for the
                  | Orb.
     0 | D:1      | Reached XP level 1. HP: 13/13 MP: 3/3
   245 | D:1      | Gained mutation: You are partially covered in rugged brown
                  | scales. (AC +1, +3% HP) [demonic ancestry]
   245 | D:1      | Reached XP level 2. HP: 13/19 MP: 1/5
   561 | D:1      | Frozen to death by an endoplasm

Illustrated notes

Levels and vault maps discovered:
D:1:      lightli_arrival_chessboard, layout_loops_cross

Action                   || total
-------------------------++-------
Melee: Unarmed           ||    27
       Punch             ||     1
 Cast: Magic Dart        ||    28
Armor: Robe              ||     8
Dodge: Dodged            ||    24
